Description

Replay - HeroMarine v liquidthermy: Game 1 - Kairos Junction LE

Build Order

Get SALT Encoding   

  12  0:00  SCV  
  13  0:12  SCV  
  14  0:17  Supply Depot  
  14  0:25  SCV  
  14  0:28  Refinery  
  15  0:38  SCV  
  16  0:44  Barracks  
  16  0:50  SCV  
  16  0:55  Refinery  
  17  1:03  SCV  
  18  1:15  SCV  
  19  1:27  SCV  
  21  1:32  Reaper  
  21  1:34  Factory  
  21  1:42  Orbital Command  
  21  1:56  Supply Depot  
  21  2:04  Reaper  
  21  2:08  SCV  
  23  2:18  Hellion  
  23  2:20  SCV  
  27  2:37  Command Center  
  27  2:39  Reaper  
  27  2:44  Hellion  
  30  2:51  Starport  
  30  2:57  Supply Depot  
  31  3:12  Factory Tech Lab, Barracks Tech Lab  
  32  3:31  Cyclone  
  36  3:34  Refinery  
  36  3:38  Banshee  
  36  3:39  Cloaking Field  
  39  3:42  Barracks Reactor  
  39  3:52  Orbital Command  
  44  4:19  Siege Tank, Marine x2  
  44  4:20  Banshee  
  50  4:25  Supply Depot  
  52  4:37  Marine x2  
  54  4:48  Supply Depot  
  52  4:57  Marine x2  
  52  4:58  Siege Tank  
  59  5:03  Raven  
  60  5:15  Command Center  
  60  5:20  Marine x2  
  64  5:31  Siege Tank  
  66  5:46  Raven  
  66  5:47  Marine  
  70  5:53  Engineering Bay x2  
  70  5:54  Refinery, Marine  
  72  6:03  Siege Tank  
  76  6:05  Barracks x2  
  78  6:27  Terran Infantry Weapons Level 1, Orbital Command, Terran Infantry Armor Level 1  
  83  6:40  Starport Reactor  
  85  6:49  Siege Tank  
  92  6:55  Barracks Tech Lab  
  91  7:05  Stimpack  
  84  7:24  Combat Shield  
  84  7:28  Medivac x2  
  91  7:31  Barracks x2  
  91  7:32  Armory  
  91  7:35  Orbital Command  
  92  7:42  Siege Tank  
  93  8:08  Medivac x2  
  102  8:13  Refinery x2  
  106  8:20  Barracks Reactor x2  
  106  8:21  Sensor Tower  
  107  8:32  Factory  
  107  8:33  Terran Infantry Weapons Level 2  
  109  8:45  Terran Infantry Armor Level 2  
  112  8:51  Terran Vehicle Weapons Level 1  
  113  9:01  Factory  
  112  9:05  Siege Tank  
  121  9:12  Barracks Reactor  
  121  9:14  Viking x2  
  138  9:51  Missile Turret, Siege Tank  
Spawning Tool Build Advisor. Get it on Overwolf

Go to:

Details

  • Created by: Kastanje
  • Published on: Sep 03, 2019
  • Modified on: Sep 03, 2019
  • Patch: 4.7.1
Show
View Real Time Build Order
Export as new Build Order

Comments (0)

There are no comments. Be the first!

Create an account to comment!